 Dungeon Crawl Stone Soup version 0.17-a0-1763-g847a857 (console) character file.

174 Illiel the Shooter (level 5, -15/33 HPs)
             Began as a High Elf Arcane Marksman on Sept 5, 2015.
             Killed from afar by a mummy (22 damage)
             ... with an exploding inner flame
             ... hexed by the player character
             ... in an ossuary.
             The game lasted 00:11:27 (2285 turns).

Illiel the Shooter (High Elf Arcane Marksman)       Turns: 2285, Time: 00:11:28

Health: -15/33     AC:  6    Str: 10    XL:     5   Next: 28%
Magic:  3/9        EV: 13    Int: 16    God:
Gold:   100        SH:  0    Dex: 16    Spells: 3 memorised, 3 levels left

rFire  . . .     SeeInvis .     a - +0 shortbow
rCold  . . .     Clarity  .     c - +0 robe
rNeg   . . .     SustAt   .     (no shield)
rPois  .         Gourm    .     (no helmet)
rElec  .         Spirit   .     f - +2 cloak
rCorr  .         Warding  .     (no gloves)
rMut   .         Rnd*Tele +     p - +0 pair of boots
MR     .....                    (no amulet)
Stlth  +.........               (no ring)
                                m - ring of teleportation

@: marked, not resistant to hostile enchantments, very unstealthy
A: no striking features
a: Evoke Teleportation


You were in an ossuary.
You were hungry.

You visited 2 branches of the dungeon, and saw 5 of its levels.
You also visited: Ossuary.

You collected 100 gold pieces.

Inventory:

Hand weapons
 a - a +0 shortbow (weapon)
Missiles
 b - 12 arrows (quivered)
Armour
 c - a +0 robe (worn)
 f - a +2 cloak (worn)
 p - a +0 pair of boots (worn)
Jewellery
 m - a ring of teleportation (left hand)
Scrolls
 i - a scroll of remove curse
 j - a scroll of identify
 k - a scroll of random uselessness
Potions
 g - a potion of magic
Books
 d - a book of Debilitation

   Spells                             Type                      Level
   a - Corona                         Hexes                        1
   b - Slow                           Hexes                        2
   c - Gell's Gravitas                Hexes/Translocation          3
   d - Inner Flame                    Hexes/Fire                   3
   e - Cause Fear                     Hexes                        4
   f - Leda's Liquefaction            Hexes/Earth                  4
Comestibles
 e - 2 bread rations
 l - 2 meat rations
 o - 2 chunks of flesh


   Skills:
 - Level 1.1 Fighting
 * Level 5.7 Bows
 - Level 2.3 Dodging
 + Level 2.6 Spellcasting
 + Level 3.9 Hexes


You had 3 spell levels left.
You knew the following spells:

 Your Spells              Type           Power        Failure   Level  Hunger
a - Corona                Hex            ##.....      4%          1    #......
b - Slow                  Hex            ##......     8%          2    ##.....
c - Inner Flame           Hex/Fire       #.......     28%         3    ###....


Dungeon Overview and Level Annotations

Branches:
Dungeon (4/15)             Temple (1/1) D:4

Altars:
Cheibriados
Dithmenos
Elyvilon
Fedhas
Kikubaaqudgha
Makhleb
Nemelex Xobeh
Qazlal
Ru
Sif Muna
Trog
Vehumet
Zin
The Shining One


Message History

Firing (i - inventory):
b - 14 arrows (quivered)
Press: ? - help, Shift-Dir - straight line, f/p - mummy
Aim: a mummy (severely damaged, inner flame)
You shoot an arrow. The arrow barely misses the mummy.
The arrow hits the mummy!
You destroy the mummy!
Firing (i - inventory):
b - 13 arrows (quivered)
Press: ? - help, Shift-Dir - straight line, f/p - mummy
Aim: a mummy (severely damaged, inner flame)
Okay, then.
Firing (i - inventory):
b - 13 arrows (quivered)
Press: ? - help, Shift-Dir - straight line, f/p - mummy
Aim: a mummy (severely damaged, inner flame)
You shoot an arrow. The arrow hits the mummy.
The mummy is almost destroyed.
The mummy struggles against the net.
An arrow hits the mummy!
The mummy explodes!
The fiery explosion engulfs you!
Ouch! That really hurt!
You die...

▒▒▒▒▒▒▒▒▒
▒▒▒∙∙∙∙∙^∙▒■▒■▒■▒■▒■▒■
▒▒∙∙∙∙∙∙∙^∙∙(∙∙∙∙^∙∙∙∙∙
▒∙∙∙∙∙#∙#∙∙∙^(^∙∙^^∙∙^∙
▒∙∙∙∙∙@#∩^(((((∙(^∙(((^
▒∙∙∙∙∙###∙∙∙M∙(∙∙∙^∙∙∙∙
▒▒∙∙∙∙∙∙∙∙∙∙∙∙^∙∙∙∙∙∙∙∙
▒▒▒∙∙∙∙∙∙∙▒■▒■▒■▒■▒■▒■
▒▒▒▒▒▒▒▒▒


You could see a mummy (caught).

Vanquished Creatures
  Ijyb (D:3)
  Terence (D:3)
  2 mummies (Ossuary)
  3 adders (D:2)
  An ooze (D:1)
  2 worms (D:2)
  A giant gecko (D:4)
  2 orcs (D:3)
  9 bats
  5 giant cockroaches
  7 hobgoblins
  4 jackals (D:2)
  4 kobolds
  2 quokkas
  3 giant newts
  4 goblins (D:1)
  10 rats
61 creatures vanquished.

Notes
Turn   | Place    | Note
--------------------------------------------------------------
     0 | D:1      | Illiel the High Elf Arcane Marksman began the quest for the Orb.
     0 | D:1      | Reached XP level 1. HP: 13/13 MP: 3/3
    94 | D:2      | Reached XP level 2. HP: 12/18 MP: 3/5
    99 | D:2      | Learned a level 2 spell: Slow
   599 | D:1      | Reached skill level 4 in Bows
   599 | D:1      | Reached XP level 3. HP: 23/23 MP: 6/6
  1169 | D:2      | Found a shadowy altar of Dithmenos.
  1208 | D:2      | Reached XP level 4. HP: 28/28 MP: 3/8
  1517 | D:2      | Found a radiant altar of Vehumet.
  1794 | D:3      | Noticed Ijyb
  1833 | D:3      | Killed Ijyb
  1833 | D:3      | Reached skill level 5 in Bows
  1979 | D:3      | Learned a level 3 spell: Inner Flame
  2032 | D:3      | Noticed Terence
  2072 | D:3      | Killed Terence
  2072 | D:3      | Reached XP level 5. HP: 33/33 MP: 2/9
  2151 | D:4      | Found a staircase to the Ecumenical Temple.
  2159 | Temple   | Entered the Ecumenical Temple
  2226 | D:4      | Found a sand-covered staircase.
  2234 | Ossuary  | Entered an ossuary
  2285 | Ossuary  | Killed from afar by a mummy

Vault maps used:
D:1:      eino_arrival_druids_welcome, hangedman_feature_mirror, minivault_26
D:2:      grunt_dithmenos_smoke_and_mirrors, first_bread, lemuel_tele_altar
D:3:      uniq_iyjb, uniq_terence
D:4:      minmay_temple_entry_large_hall, lightli_ossuary_entry_decrepit_ruins,
          uniq_sigmund
Temple:   nicolae_temple_god_jail
Ossuary:  ossuary_the_hunt_dpeg

Action                   |  1- 3 |  4- 6 || total
-------------------------+-------+-------++-------
Melee: Unarmed           |    29 |       ||    29
 Fire: Shortbow          |   108 |    87 ||   195
 Cast: Corona            |     6 |    16 ||    22
       Slow              |     3 |     9 ||    12
       Inner Flame       |       |     2 ||     2
  Use: Scroll            |       |     5 ||     5
  Eat: Chunk             |     1 |     4 ||     5
